 Dungeon Crawl Stone Soup version 0.29.1-1-gd02db6906a (webtiles) character file.

Game seed: 16032911055679554179

589 Demigod47 the Cudgeller (level 7, -8/61 HPs)
             Began as a Minotaur Fighter on Oct 11, 2022.
             Killed by divine providence
             ... invoked by an orc priest
              (17 damage)
             ... on level 5 of the Dungeon.
             The game lasted 00:09:21 (4515 turns).

Demigod47 the Cudgeller (Minotaur Fighter)          Turns: 4515, Time: 00:09:22

Health: -8/61      AC: 19    Str: 22    XL:     7   Next: 15%
Magic:  6/6        EV:  6    Int:  5    God:
Gold:   271        SH:  8    Dex: 10    Spells: 6/6 levels left

rFire   . . .      SeeInvis .   s - +2 flail (protect)
rCold   . . .      Faith    .   c - +0 buckler
rNeg    + . .      Spirit   .   m - +0 plate armour
rPois   .          Reflect  .   (helmet restricted)
rElec   .          Harm     .   (no cloak)
rCorr   .          Rampage  .   (no gloves)
Will    .....                   (no boots)
Stlth   ..........              (no amulet)
HPRegen 0.20/turn               l - ring of positive energy
MPRegen 0.10/turn               (no ring)

@: under a protective aura
A: horns 2, retaliatory headbutt, large bone plates 1, mutation resistance 1
a: no special abilities


You were on level 5 of the Dungeon.
You visited 1 branch of the dungeon, and saw 5 of its levels.

You collected 271 gold pieces.

Inventory:

Hand Weapons
 a - a +0 flail
 s - a +2 flail of protection (weapon)
Missiles
 f - 5 curare-tipped darts (quivered)
Armour
 b - a +0 scale mail
 c - a +0 buckler (worn)
 m - a +0 plate armour (worn)
Jewellery
 l - a ring of positive energy (left hand)
Scrolls
 g - 2 scrolls of torment
 j - 2 scrolls of teleportation
 k - 3 scrolls of identify
 q - 2 scrolls of poison
Potions
 d - a potion of might
 e - a potion of magic
 h - a potion of ambrosia
 i - 2 potions of attraction
 n - a potion of curing
 o - a potion of berserk rage
 p - a potion of heal wounds {unknown}
 r - a potion of lignification {unknown}
 t - a potion of resistance {unknown}


   Skills:
 + Level 5.0 Fighting
 * Level 7.5 Maces & Flails
 + Level 5.0 Armour
 + Level 0.3 Dodging
 + Level 0.1 Stealth
 + Level 4.7 Shields


You had 6 spell levels left.
You didn't know any spells.
Your spell library contained the following spells:

 Spells                   Type           Power      Damage    Failure   Level
 Ignite Poison            Fire/Tmut/Pois 0%         N/A       100%        3
 Mephitic Cloud           Conj/Pois/Air  0%         N/A       100%        3
 Freezing Cloud           Conj/Ice/Air   0%         6-21      100%        5


Dungeon Overview and Level Annotations

Branches:
Dungeon (5/15)
 Temple: D:4-7

Altars:
Ashenzari
Elyvilon
Kikubaaqudgha
Nemelex Xobeh
Wu Jian


Innate Abilities, Weirdness & Mutations

You have a pair of horns on your head.
You reflexively headbutt those who attack you in melee.
You are partially covered in large bone plates. (SH +4)
You are somewhat resistant to further mutation.


Message History

You block the orc priest's attack. The orc barely misses you.
You block the orc's attack.
You closely miss the orc priest.
The orc priest is heavily wounded.
The orc hits you but does no damage.
The orc priest hits you with a +0 flail.
* * * LOW HITPOINT WARNING * * *
The orc hits you but does no damage.
You closely miss the orc priest. Your headbutt misses the orc priest.
The orc priest is heavily wounded.
You block the orc's attack.
The orc priest miscasts a cantrip.
The orc hits you with a +0 club.
* * * LOW HITPOINT WARNING * * *
The orc hits you with a +0 trident.
* * * LOW HITPOINT WARNING * * *
The orc barely misses you. You block the orc priest's attack.
Okay, then.
You barely miss the orc priest.
The orc priest is heavily wounded.
The orc hits you with a +0 club.
* * * LOW HITPOINT WARNING * * *
The orc priest hits you but does no damage.
The orc hits you but does no damage.
You closely miss the orc priest. Your headbutt misses the orc priest.
The orc priest is heavily wounded.
The orc priest calls upon Beogh to heal the orc.
The orc's wounds heal themselves!
You block the orc's attack. x2
You sock the orc priest!
Your weapon exudes an aura of protection.
Your headbutt misses the orc priest.
The orc priest is almost dead.
The orc priest barely misses you. The orc hits you with a +0 club.
* * * LOW HITPOINT WARNING * * *
You block the orc's attack.
You hit the orc priest but do no damage.
The orc priest is almost dead.
The orc priest mumbles some strange prayers to Beogh against you.
Beogh smites you!
You die...

.. ... .. .##
#.. ... ..
#.# .... #.
#.# .....
#.##.##......
#..)).)o.$...
..##
##.)#########
.... ###o.##
#... ###.@o##
..####..o###
..##...###
#.##.###
#.#..#
###.#.##
#....>#
#(##### #.#


You could see an orc priest and 2 orcs.

Vanquished Creatures
  Edmund (D:5)
  2 phantoms (D:4)
  3 orc wizards
  Robin (D:4)
  6 adders
  4 gnolls (D:4)
  A shadow imp (D:5)
  An ufetubus (D:4)
  2 worms (D:2)
  2 dart slugs
  20 orcs
  3 bats
  8 endoplasms
  3 giant cockroaches
  11 goblins
  12 hobgoblins
  7 jackals
  2 quokkas (D:1)
  6 ball pythons
  4 frilled lizards
  5 kobolds
  3 rats
107 creatures vanquished.

Notes
Turn   | Place    | Note
-------+----------+-------------------------------------------
     0 | D:1      | Demigod47 the Minotaur Fighter began the quest for the Orb.
     0 | D:1      | Reached XP level 1. HP: 19/19 MP: 0/0
   167 | D:1      | Reached XP level 2. HP: 17/27 MP: 1/1
   703 | D:1      | Reached skill level 3 in Maces & Flails
  1073 | D:2      | Reached XP level 3. HP: 29/33 MP: 2/2
  1332 | D:2      | Found an ancient bone altar of Kikubaaqudgha.
  1498 | D:2      | Reached skill level 4 in Maces & Flails
  1498 | D:2      | Reached XP level 4. HP: 36/40 MP: 3/3
  2253 | D:3      | Found a faded altar of an unknown god.
  2444 | D:3      | Reached skill level 5 in Maces & Flails
  2444 | D:3      | Reached XP level 5. HP: 24/47 MP: 4/4
  2781 | D:4      | Noticed Robin
  2843 | D:4      | Gained mutation: You are somewhat resistant to further
                  | mutation. [potion of mutation]
  2843 | D:4      | Gained mutation: You are partially covered in large bone
                  | plates. (SH +4) [potion of mutation]
  2920 | D:4      | Found a white marble altar of Elyvilon.
  3076 | D:4      | Noticed a phantom
  3089 | D:4      | Killed a phantom
  3090 | D:4      | Reached skill level 6 in Maces & Flails
  3090 | D:4      | Reached XP level 6. HP: 45/53 MP: 5/5
  3537 | D:4      | Killed Robin
  3882 | D:4      | Reached skill level 7 in Maces & Flails
  3914 | D:4      | Found an ancient bone altar of Kikubaaqudgha.
  3920 | D:4      | Found a broken altar of Ashenzari.
  4145 | D:5      | Entered Level 5 of the Dungeon
  4170 | D:5      | Noticed Edmund
  4202 | D:5      | Killed Edmund
  4203 | D:5      | Reached skill level 5 in Armour
  4203 | D:5      | Reached XP level 7. HP: 35/60 MP: 6/6
  4403 | D:5      | Found a sparkling altar of Nemelex Xobeh.
  4403 | D:5      | Found an ornate altar of the Wu Jian Council.
  4496 | D:5      | Reached skill level 5 in Fighting
  4515 | D:5      | Killed from afar by an orc priest

Illustrated notes

Levels and vault maps discovered:
D:1:      dpeg_arrival_three_same_balls, layout_basic, serial_forest,
          infiniplex_forest_end_double, infiniplex_forest_lined_room_2,
          infiniplex_forest_split, infiniplex_forest_clump_long,
          infiniplex_forest_lined_3, minmay_misc_feat_x,
          hangedman_decor_clover_reticule
D:2:      minmay_door_path, layout_loops_cross, basic_altar, chequers_arboretum,
          hangedman_decor_points, minmay_split_cup_small
D:3:      layout_loops_ring, hellmonk_ecumenical_altar_dog_temple,
          kennysheep_nub
D:4:      layout_loops_ring, mainiacjoe_overflow_divided_tiny,
          mainiacjoe_overflow_24_doors, uniq_robin
D:5:      layout_basic, gammafunk_temple_overflow_wave,
          hellmonk_ghost_happy_afterlife, uniq_grinder, uniq_eustachio,
          uniq_ijyb, uniq_edmund

Skill      XL: |  1  2  3  4  5  6  7 |
---------------+----------------------+-----
Fighting       | 4 5 |  5.0
Maces & Flails | 3 4 5 6 7 |  7.5
Armour         | 4 5 |  5.0
Shields        | 4 |  4.7
Dodging        | |  0.3
Stealth        | |  0.1

Action                   |  1- 3 |  4- 6 |  7- 9 || total
-------------------------+-------+-------+-------++-------
Melee: Flail             |    60 |   192 |    30 ||   282
       Headbutt          |    13 |    38 |     3 ||    54
  Use: Potion            |       |     6 |       ||     6
       Scroll            |       |     5 |       ||     5
Armor: Scale mail        |    30 |     5 |       ||    35
       Plate armour      |       |   146 |    25 ||   171
Dodge: Dodged            |    42 |    57 |    18 ||   117
Block: Buckler           |    18 |    77 |    29 ||   124
